[Event "ICC tourney 2161 (75 10)"]
[Site "Internet Chess Club"]
[Date "2020.11.29"]
[Round "7"]
[White "cdj12417489"]
[Black "SunnyCountry"]
[Result "0-1"]
[ICCResult "White forfeits on time"]
[WhiteElo "1259"]
[BlackElo "1313"]
[Opening "Sicilian: closed"]
[ECO "B23"]
[NIC "SI.44"]
[Time "11:05:23"]
[PlyCount "130"]
[TimeControl "4500+10"]


1. e4 c5 2. Nc3 e6 3. g3 Nc6 4. Bg2 d6 5. d3 Nf6 6. f4 Be7 7. Nf3 a6 8. O-O
O-O 9. Nh4 Ne8 10. Nf3 b5 11. Ne2 Bb7 12. c3 Rc8 13. Nd2 Nf6 14. Kh1 h6 15.
f5 exf5 16. exf5 Qc7 17. Ne4 Ne5 18. Nxf6+ Bxf6 19. Nf4 Bxg2+ 20. Kxg2 Qc6+
21. Kh3 Rfe8 22. d4 cxd4 23. cxd4 Nd7 24. Nh5 Re4 25. Rf4 Rxf4 26. Bxf4 Qd5
27. Rc1 Rxc1 28. Qxc1 Qxf5+ 29. g4 Qd3+ 30. Bg3 Bg5 31. Qc8+ Kh7 32. Qb7
Nb6 33. Kg2 Qe2+ 34. Bf2 Qxg4+ 35. Ng3 Nc4 36. Qe4+ Qxe4+ 37. Nxe4 Bc1 38.
b3 d5 39. Nc5 Nd6 40. Nd3 Bg5 41. Nb4 a5 42. Nxd5 Ne4 43. Kf3 Nxf2 44. Kxf2
Kg6 45. Kf3 Kf5 46. Nc7 b4 47. Nb5 h5 48. Nd6+ Ke6 49. Nb7 Bf6 50. Ke4 Be7
51. Nxa5 f5+ 52. Kd3 Kd5 53. Nb7 g5 54. Na5 Bf6 55. Nc4 Bxd4 56. Ne3+ Bxe3
57. Kxe3 Ke5 58. Kf3 f4 59. Kf2 Ke4 60. Ke2 g4 61. Kf2 h4 62. Kg2 f3+ 63.
Kf2 Kf4 64. Kf1 g3 65. h3 Ke3 { White forfeits on time } 0-1

[Event "ICC tourney 2161 (75 10)"]
[Site "Internet Chess Club"]
[Date "2020.11.29"]
[Round "7"]
[White "ShanksGames"]
[Black "hggonzalezzss"]
[Result "1/2-1/2"]
[ICCResult "Game drawn by mutual agreement"]
[WhiteElo "1591"]
[BlackElo "1767"]
[Opening "Sicilian: closed"]
[ECO "B23"]
[NIC "SI.44"]
[Time "11:05:06"]
[PlyCount "131"]
[TimeControl "4500+10"]


1. e4 c5 2. Nc3 d6 3. Bb5+ Bd7 4. Bxd7+ Qxd7 5. f4 Nc6 6. Nf3 g6 7. O-O Bg7
8. d3 e6 9. Qe1 Nge7 10. e5 dxe5 11. fxe5 Nxe5 12. Nxe5 Qd4+ 13. Be3 Qxe5
14. Qf2 O-O 15. Bxc5 Qc7 16. Nb5 Qd7 17. Nxa7 Nf5 18. c3 Rfe8 19. g4 Nd6
20. Bxd6 Qxd6 21. Nb5 Qd7 22. a4 e5 23. h3 Bh6 24. Qf6 Ra6 25. Qf3 Bf4 26.
d4 f6 27. b3 g5 28. dxe5 Rxe5 29. Rad1 Qe7 30. Qd3 Ra8 31. Qc4+ Kh8 32. Qc7
Qf8 33. Qxb7 Re2 34. Qd5 Qe8 35. Qd3 Qe5 36. Rxf4 gxf4 37. Qf3 Re8 38. Nd4
Re1+ 39. Rxe1 Qxe1+ 40. Kg2 Re3 41. Qxf4 Qd2+ 42. Qf2 Qxf2+ 43. Kxf2 Rxc3
44. Ke2 Kg7 45. a5 Rxh3 46. a6 Rh2+ 47. Kd3 Ra2 48. Kc4 Rxa6 49. b4 Kf7 50.
b5 Ra1 51. b6 Rb1 52. Nb5 Rc1+ 53. Kd5 Rd1+ 54. Kc6 Rc1+ 55. Kd7 Rb1 56.
Nd6+ Kg6 57. b7 Rxb7+ 58. Nxb7 Kg5 59. Ke6 Kxg4 60. Kxf6 h5 61. Nc5 Kf4 62.
Ne6+ Kg4 63. Ng5 h4 64. Kg6 Kf4 65. Kh5 Kg3 66. Ne4+ { Game drawn by mutual
agreement } 1/2-1/2

[Event "ICC tourney 2161 (75 10)"]
[Site "Internet Chess Club"]
[Date "2020.11.29"]
[Round "8"]
[White "Jeffchess"]
[Black "lovechess12"]
[Result "0-1"]
[ICCResult "White checkmated"]
[WhiteElo "1236"]
[BlackElo "1285"]
[Opening "Evans gambit"]
[ECO "C52"]
[NIC "IG.05"]
[Time "14:49:24"]
[PlyCount "22"]
[TimeControl "4500+10"]


1. e4 e5 2. Nf3 Nc6 3. Bc4 Bc5 4. b4 Bxb4 5. c3 Ba5 6. Qb3 Qe7 7. Ba3 Qf6
8. g4 d6 9. Ng1 Bb6 10. Nh3 Bxg4 11. Ng5 Qxf2# { White checkmated } 0-1

[Event "ICC tourney 2161 (75 10)"]
[Site "Internet Chess Club"]
[Date "2020.11.29"]
[Round "8"]
[White "yogokings12"]
[Black "kwarrier"]
[Result "0-1"]
[ICCResult "White resigns"]
[WhiteElo "1669"]
[BlackElo "1472"]
[Opening "Robatsch (modern) defense"]
[ECO "B06"]
[NIC "KF.05"]
[Time "14:49:08"]
[PlyCount "42"]
[TimeControl "4500+10"]


1. e4 g6 2. d4 Bg7 3. Nf3 d6 4. Be3 Nf6 5. Nc3 O-O 6. Qd2 Ng4 7. Bg5 c6 8.
h3 Nf6 9. Bc4 Be6 10. Bb3 Bxb3 11. axb3 a6 12. Bh6 Nbd7 13. h4 e5 14. Bxg7
Kxg7 15. dxe5 Nxe5 16. Nxe5 dxe5 17. Qxd8 Raxd8 18. Ke2 Rd4 19. f3 Nh5 20.
Rad1 Ng3+ 21. Kf2 Nxh1+ { White resigns } 0-1

[Event "ICC tourney 2161 (75 10)"]
[Site "Internet Chess Club"]
[Date "2020.11.29"]
[Round "8"]
[White "donquiscot"]
[Black "ParthP2003"]
[Result "1-0"]
[ICCResult "Black checkmated"]
[WhiteElo "1585"]
[BlackElo "1708"]
[Opening "Sicilian"]
[ECO "B50"]
[NIC "SI.01"]
[Time "14:48:57"]
[PlyCount "35"]
[TimeControl "4500+10"]


1. e4 c5 2. Nf3 d6 3. Bc4 Nf6 4. Qe2 Nc6 5. c3 e6 6. O-O Be7 7. d4 cxd4 8.
cxd4 O-O 9. a3 a6 10. Re1 b5 11. Ba2 d5 12. e5 Ne4 13. Nbd2 Nxd2 14. Bxd2
Qb6 15. Qd3 Bd7 16. Rad1 Na5 17. Bb1 Nc4 18. Qxh7# { Black checkmated } 1-0

[Event "ICC tourney 2161 (75 10)"]
[Site "Internet Chess Club"]
[Date "2020.11.29"]
[Round "8"]
[White "Nacaroa-Dan"]
[Black "VincentT2008"]
[Result "1-0"]
[ICCResult "Black resigns"]
[WhiteElo "1571"]
[BlackElo "1751"]
[Opening "Two knights defense"]
[ECO "C55"]
[NIC "IG.01"]
[Time "14:49:31"]
[PlyCount "41"]
[TimeControl "4500+10"]


1. e4 e5 2. Bc4 Nc6 3. Nf3 Nf6 4. c3 d6 5. Ng5 d5 6. exd5 Na5 7. Qa4+ c6 8.
dxc6 Nxc6 9. Nxf7 Qb6 10. Nxh8 Bd7 11. Bf7+ Kd8 12. Qb3 Qc7 13. O-O Bd6 14.
Be6 e4 15. Nf7+ Kc8 16. Nxd6+ Qxd6 17. Bxd7+ Nxd7 18. d4 Nf6 19. h3 Kc7 20.
Na3 Re8 21. Nb5+ { Black resigns } 1-0

[Event "ICC tourney 2161 (75 10)"]
[Site "Internet Chess Club"]
[Date "2020.11.29"]
[Round "8"]
[White "stephenwilly"]
[Black "handsomematch"]
[Result "0-1"]
[ICCResult "White resigns"]
[WhiteElo "1445"]
[BlackElo "1222"]
[Opening "Giuoco Pianissimo: Italian four knights variation"]
[ECO "C50"]
[NIC "IG.02"]
[Time "14:49:09"]
[PlyCount "76"]
[TimeControl "4500+10"]


1. e4 e5 2. Nf3 Nc6 3. Bc4 Bc5 4. Nc3 Nf6 5. d3 h6 6. h3 d6 7. Be3 Bxe3 8.
fxe3 Na5 9. Bb5+ c6 10. Ba4 b5 11. Bb3 Nxb3 12. axb3 O-O 13. O-O Be6 14. d4
exd4 15. exd4 b4 16. d5 bxc3 17. dxe6 fxe6 18. bxc3 Nxe4 19. Qe2 d5 20. c4
Qe7 21. Rae1 Ng3 22. Qe5 Nxf1 23. Rxf1 Rf5 24. Qe3 Raf8 25. Re1 R5f6 26.
Ne5 Qd6 27. c5 Qc7 28. Ng4 Rg6 29. Ne5 Rg5 30. Nf3 Rg6 31. Ne5 Rgf6 32. Ng4
Rf4 33. Qxe6+ Kh8 34. Ne5 Kh7 35. Qg6+ Kh8 36. Qe6 R8f6 37. Qe8+ Kh7 38.
Nxc6 Qxc6 { White resigns } 0-1

[Event "ICC tourney 2161 (75 10)"]
[Site "Internet Chess Club"]
[Date "2020.11.29"]
[Round "8"]
[White "vedu24"]
[Black "MYMChessWyatt"]
[Result "0-1"]
[ICCResult "White resigns"]
[WhiteElo "1524"]
[BlackElo "1215"]
[Opening "Queen's pawn: London system"]
[ECO "A45"]
[NIC "QP.07"]
[Time "14:49:01"]
[PlyCount "42"]
[TimeControl "4500+10"]


1. d4 Nf6 2. Bf4 g6 3. e3 Bg7 4. Bd3 O-O 5. Nf3 d5 6. c3 Nbd7 7. h4 c5 8.
h5 c4 9. Bc2 Qb6 10. hxg6 fxg6 11. b4 Ng4 12. Ng5 Ndf6 13. f3 e5 14. dxe5
Nxe3 15. Qe2 Nxc2+ 16. Qxc2 Nh5 17. Bd2 Ng3 18. Rf1 Bf5 19. Qd1 Rae8 20.
Bf4 Rxe5+ 21. Bxe5 Qe3+ { White resigns } 0-1

[Event "ICC tourney 2161 (75 10)"]
[Site "Internet Chess Club"]
[Date "2020.11.29"]
[Round "8"]
[White "Surajo"]
[Black "chessmaster0981"]
[Result "1-0"]
[ICCResult "Black checkmated"]
[WhiteElo "1771"]
[BlackElo "1579"]
[Opening "French: exchange variation"]
[ECO "C01"]
[NIC "FR.01"]
[Time "14:49:10"]
[PlyCount "47"]
[TimeControl "4500+10"]


1. e4 e6 2. d4 d5 3. exd5 exd5 4. Nf3 Nf6 5. c4 c6 6. Nc3 Bb4 7. Be2 O-O 8.
O-O h6 9. h3 Bf5 10. Qb3 Qe7 11. Re1 Bxc3 12. bxc3 Qc7 13. Ne5 dxc4 14.
Bxc4 c5 15. Bf4 cxd4 16. Ng6 Qd7 17. Nxf8 Kxf8 18. cxd4 Nc6 19. Be5 Nxe5
20. Rxe5 Bg6 21. Rae1 Ng8 22. Qb4+ Ne7 23. Rxe7 Qf5 24. Re8# { Black
checkmated } 1-0

[Event "ICC tourney 2161 (75 10)"]
[Site "Internet Chess Club"]
[Date "2020.11.29"]
[Round "8"]
[White "atharvamchess"]
[Black "falcongw"]
[Result "0-1"]
[ICCResult "White checkmated"]
[WhiteElo "1502"]
[BlackElo "1256"]
[Opening "Queen's pawn: London system"]
[ECO "A45"]
[NIC "QP.07"]
[Time "14:49:02"]
[PlyCount "136"]
[TimeControl "4500+10"]


1. d4 Nf6 2. Bf4 d6 3. e3 g6 4. h4 Bg7 5. Bd3 c5 6. c3 Nc6 7. Nf3 O-O 8. h5
Nxh5 9. Rxh5 gxh5 10. Ng5 Bg4 11. f3 e5 12. dxe5 dxe5 13. Bxh7+ Kh8 14.
Qxd8 Raxd8 15. fxg4 exf4 16. Bf5 fxe3 17. gxh5 Bh6 18. Nf3 Rd5 19. g4 Rfd8
20. Na3 Ne5 21. Nxe5 Rxe5 22. Rd1 Rxd1+ 23. Kxd1 e2+ 24. Ke1 Bg5 25. Nc2
Bh4+ 26. Kd2 e1=Q+ 27. Nxe1 Bxe1+ 28. Kd3 Rxf5 29. gxf5 Bf2 30. Ke4 Kg7 31.
Ke5 f6+ 32. Ke6 Bg3 33. h6+ Kxh6 34. Kxf6 Kh7 35. Ke7 Bh4+ 36. f6 Kg6 37.
Kd6 Bxf6 38. Kxc5 Be5 39. a4 Kf5 40. a5 Ke6 41. b4 Bxc3 42. Kc4 Be1 43. Kb3
Kd5 44. Ka4 Kc4 45. a6 b5+ 46. Ka3 Bxb4+ 47. Ka2 Bc3 48. Kb1 b4 49. Kc2 Kb5
50. Kb3 Kxa6 51. Kc4 Ka5 52. Kb3 Kb5 53. Ka2 a5 54. Kb1 a4 55. Ka2 Kc4 56.
Kb1 Be1 57. Kb2 a3+ 58. Ka2 Kd3 59. Kb3 Bh4 60. Ka2 Bd8 61. Kb3 Kd4 62. Ka2
Kc3 63. Kb1 a2+ 64. Kxa2 b3+ 65. Kb1 b2 66. Ka2 Kc2 67. Ka3 b1=Q 68. Ka4
Qb3# { White checkmated } 0-1

[Event "ICC tourney 2161 (75 10)"]
[Site "Internet Chess Club"]
[Date "2020.11.29"]
[Round "8"]
[White "sophiaz7"]
[Black "ivo20"]
[Result "0-1"]
[ICCResult "White checkmated"]
[WhiteElo "1462"]
[BlackElo "1416"]
[Opening "Philidor's defense"]
[ECO "C41"]
[NIC "KP.10"]
[Time "14:48:46"]
[PlyCount "120"]
[TimeControl "4500+10"]


1. e4 e5 2. Nf3 d6 3. Nc3 c6 4. Bc4 g6 5. d3 Bh6 6. Bxh6 Nxh6 7. O-O O-O 8.
Qd2 Ng4 9. h3 Nf6 10. Qh6 Be6 11. Bxe6 fxe6 12. Ng5 Qe7 13. Rfe1 Nbd7 14.
Re3 Nc5 15. h4 Qg7 16. Qxg7+ Kxg7 17. b4 h6 18. bxc5 hxg5 19. hxg5 Ng4 20.
Re2 d5 21. f3 d4 22. Na4 Ne3 23. Rb1 Rf7 24. c3 Rh8 25. cxd4 exd4 26. Rf2
Rh5 27. f4 Kf8 28. Rb4 Rfh7 29. Rfb2 Rh1+ 30. Kf2 Nd1+ 31. Ke2 Nxb2 32.
Rxb2 Rg1 33. Kf3 Re1 34. Rd2 Rh4 35. Kg3 Rh7 36. Nb2 b6 37. cxb6 axb6 38.
Nc4 Ra7 39. Nxb6 Ra3 40. Nd7+ Kg7 41. Ne5 Rxe4 42. Kg4 Re3 43. g3 Rc3 44.
Kh3 c5 45. Kg2 c4 46. Nxc4 Rexd3 47. g4 Rxd2+ 48. Nxd2 Rc2 49. Kf3 Rxd2 50.
a4 Ra2 51. f5 Rxa4 52. fxe6 Kf8 53. Ke4 d3+ 54. Ke5 Ke7 55. Kd5 d2 56. Ke5
Ra5+ 57. Ke4 d1=Q 58. Kf4 Qd4+ 59. Kg3 Ra3+ 60. Kh4 Qf2# { White checkmated
} 0-1

[Event "ICC tourney 2161 (75 10)"]
[Site "Internet Chess Club"]
[Date "2020.11.29"]
[Round "8"]
[White "ZYCON"]
[Black "StevChess01"]
[Result "1/2-1/2"]
[ICCResult "Game drawn by mutual agreement"]
[WhiteElo "1400"]
[BlackElo "1725"]
[Opening "Bogo-Indian defense"]
[ECO "E11"]
[NIC "QI.01"]
[Time "14:48:55"]
[PlyCount "48"]
[TimeControl "4500+10"]


1. d4 Nf6 2. c4 e6 3. Nf3 Bb4+ 4. Bd2 Be7 5. e3 O-O 6. Bd3 d5 7. O-O c5 8.
cxd5 cxd4 9. exd4 exd5 10. Nc3 Nc6 11. Bf4 Bd6 12. Bxd6 Qxd6 13. Re1 Bg4
14. Be2 Rfe8 15. Qd3 Bh5 16. Rad1 Bg6 17. Qd2 h6 18. Nb5 Qb8 19. Bd3 Bxd3
20. Qxd3 Rxe1+ 21. Rxe1 a6 22. Nc3 Qd6 23. a3 Rd8 24. h3 Qf4 { Game drawn
by mutual agreement } 1/2-1/2

[Event "ICC tourney 2161 (75 10)"]
[Site "Internet Chess Club"]
[Date "2020.11.29"]
[Round "8"]
[White "hemtej-g"]
[Black "Deveshc"]
[Result "1/2-1/2"]
[ICCResult "Game drawn by mutual agreement"]
[WhiteElo "1594"]
[BlackElo "1480"]
[Opening "Queen's gambit accepted"]
[ECO "D20"]
[NIC "QG.03"]
[Time "14:48:53"]
[PlyCount "95"]
[TimeControl "4500+10"]


1. d4 d5 2. c4 dxc4 3. e3 Nf6 4. Bxc4 e6 5. Nc3 a6 6. Nf3 b5 7. Bd3 Bb7 8.
a3 c5 9. b4 cxb4 10. axb4 Bxb4 11. Bd2 O-O 12. Qb1 Be7 13. Ne4 h6 14. Ke2
Nbd7 15. Ba5 Qe8 16. Nfd2 Nd5 17. g4 Bd8 18. Nd6 Bxa5 19. N2e4 Qb8 20. Rxa5
f5 21. gxf5 exf5 22. Nxb7 Qxb7 23. Qb3 fxe4 24. Bxe4 Nf6 25. Bf3 Kh8 26. h4
Qc7 27. Raa1 Qc4+ 28. Qxc4 bxc4 29. Rhc1 Rfc8 30. e4 Nf4+ 31. Ke3 Nd3 32.
Rxc4 Rxc4 33. e5 Rd8 34. exf6 Rdxd4 35. Be2 Ra4 36. f7 Re4+ 37. Kd2 Rxe2+
38. Kxe2 Rf4 39. Kxd3 Rxf2 40. Rxa6 Rxf7 41. Ke4 Kh7 42. h5 Re7+ 43. Kf5
Rf7+ 44. Kg4 Rf1 45. Ra7 Rg1+ 46. Kh4 Rh1+ 47. Kg4 Rg1+ 48. Kh4 { Game
drawn by mutual agreement } 1/2-1/2

[Event "ICC tourney 2161 (75 10)"]
[Site "Internet Chess Club"]
[Date "2020.11.29"]
[Round "8"]
[White "Yamato1945"]
[Black "Aserah"]
[Result "0-1"]
[ICCResult "White resigns"]
[WhiteElo "1434"]
[BlackElo "1504"]
[Opening "King's Indian: 6.Be2"]
[ECO "E91"]
[NIC "KI.19"]
[Time "14:48:58"]
[PlyCount "40"]
[TimeControl "4500+10"]


1. d4 Nf6 2. c4 g6 3. Nc3 Bg7 4. e4 d6 5. Nf3 O-O 6. Be2 Nbd7 7. Bf4 Nh5 8.
Bg3 Nxg3 9. hxg3 e5 10. d5 Nc5 11. b4 Nxe4 12. Nxe4 f5 13. Neg5 e4 14. Nxh7
exf3 15. Nxf8 fxe2 16. Qxe2 Bxa1 17. Nxg6 Qd7 18. Ne7+ Kg7 19. Rh7+ Kxh7
20. Qh5+ Kg7 { White resigns } 0-1

[Event "ICC tourney 2161 (75 10)"]
[Site "Internet Chess Club"]
[Date "2020.11.29"]
[Round "8"]
[White "clammer"]
[Black "Florina12345"]
[Result "0-1"]
[ICCResult "White resigns"]
[WhiteElo "1549"]
[BlackElo "1330"]
[Opening "Réti opening"]
[ECO "A05"]
[NIC "QP.11"]
[Time "14:49:02"]
[PlyCount "57"]
[TimeControl "4500+10"]


1. Nf3 Nf6 2. d3 g6 3. Bg5 Bg7 4. h3 O-O 5. g4 h6 6. Bh4 d6 7. Nc3 Nc6 8.
a3 e5 9. Ne4 g5 10. Nexg5 hxg5 11. Bxg5 d5 12. Qd2 Kh7 13. Nh4 Ne7 14. f4
e4 15. f5 Qd6 16. Bxf6 Bxf6 17. Ng2 Qg3+ 18. Kd1 Rg8 19. Qf4 Qxf4 20. Nxf4
Bxb2 21. Rb1 Bxa3 22. dxe4 dxe4 23. Bg2 Bd6 24. Nh5 Nd5 25. Rb3 Bxf5 26.
gxf5 Rxg2 27. Rg1 Rxg1+ 28. Kd2 e3+ 29. Kd3 { White resigns } 0-1

[Event "ICC tourney 2161 (75 10)"]
[Site "Internet Chess Club"]
[Date "2020.11.29"]
[Round "8"]
[White "Dhruti813kob36"]
[Black "kirikiri007"]
[Result "1-0"]
[ICCResult "Black checkmated"]
[WhiteElo "1427"]
[BlackElo "1577"]
[Opening "Ruy Lopez: Cozio defense"]
[ECO "C60"]
[NIC "RL.04"]
[Time "14:49:12"]
[PlyCount "57"]
[TimeControl "4500+10"]


1. e4 e5 2. Nf3 Nc6 3. Bb5 Nge7 4. O-O g6 5. c3 Bg7 6. d3 O-O 7. Be3 d6 8.
h3 Be6 9. Qd2 f5 10. Ng5 Bf7 11. Nxf7 Rxf7 12. f4 Rf8 13. Na3 a6 14. Ba4 b5
15. Bb3+ Kh8 16. Rf2 Qd7 17. Raf1 fxe4 18. dxe4 Na5 19. Bd1 Rae8 20. fxe5
Rxf2 21. Rxf2 Bxe5 22. Bg4 Qd8 23. Rf7 Rf8 24. Qf2 Bg7 25. Bd4 Rxf7 26.
Qxf7 Bxd4+ 27. cxd4 Nac6 28. Qf6+ Kg8 29. Be6# { Black checkmated } 1-0

[Event "ICC tourney 2161 (75 10)"]
[Site "Internet Chess Club"]
[Date "2020.11.29"]
[Round "8"]
[White "hggonzalezzss"]
[Black "jackl514"]
[Result "1/2-1/2"]
[ICCResult "Game drawn by mutual agreement"]
[WhiteElo "1767"]
[BlackElo "1585"]
[Opening "Sicilian defense"]
[ECO "B34"]
[NIC "SI.33"]
[Time "14:48:50"]
[PlyCount "99"]
[TimeControl "4500+10"]


1. e4 c5 2. Nf3 Nc6 3. d4 cxd4 4. Nxd4 g6 5. c3 Nf6 6. Bd3 Bg7 7. O-O O-O
8. f4 d5 9. e5 Nd7 10. b3 Nc5 11. Bc2 a5 12. a4 f6 13. Ba3 Qb6 14. Nxc6
bxc6 15. Qd4 Nd7 16. Qxb6 Nxb6 17. Bxe7 Re8 18. exf6 Ba6 19. Re1 Bxf6 20.
Bxf6 Rxe1+ 21. Kf2 Re2+ 22. Kf3 Rxc2 23. Na3 Re2 24. Nb5 Bxb5 25. axb5 Re6
26. Bd4 cxb5 27. g4 a4 28. bxa4 Rxa4 29. Rb1 b4 30. cxb4 Ra3+ 31. Kf2 Nc4
32. b5 Nb6 33. f5 gxf5 34. gxf5 Rd6 35. Bc5 Rf6 36. Bxa3 Rxf5+ 37. Ke3 Nc4+
38. Kd4 Nxa3 39. Rb3 Nxb5+ 40. Rxb5 Rf2 41. Rxd5 Rxh2 42. Ke3 Rg2 43. Rd7
Rg1 44. Kf2 Rg6 45. Ra7 h6 46. Ra1 Kg7 47. Rg1 Rxg1 48. Kxg1 Kg6 49. Kh2
Kg5 50. Kh3 { Game drawn by mutual agreement } 1/2-1/2

[Event "ICC tourney 2161 (75 10)"]
[Site "Internet Chess Club"]
[Date "2020.11.29"]
[Round "8"]
[White "Liopleuradon15"]
[Black "lerui"]
[Result "1/2-1/2"]
[ICCResult "Game drawn by repetition"]
[WhiteElo "1474"]
[BlackElo "1146"]
[Opening "QGD: 4.Nf3"]
[ECO "D37"]
[NIC "QP.06"]
[Time "14:49:08"]
[PlyCount "87"]
[TimeControl "4500+10"]


1. Nf3 Nf6 2. d4 d5 3. c4 e6 4. Nc3 Be7 5. Bg5 h6 6. Bxf6 Bxf6 7. e3 Nc6 8.
Be2 a6 9. O-O O-O 10. Rc1 dxc4 11. Bxc4 b5 12. Bd3 Bb7 13. Ne4 Be7 14. a3
Qd7 15. Nc5 Bxc5 16. Rxc5 Rfc8 17. Be4 Na5 18. Ne5 Qd6 19. Bf3 Bxf3 20.
Qxf3 f6 21. Ng4 Qe7 22. Rfc1 Nb3 23. Rxc7 Rxc7 24. Qxa8+ Kf7 25. Rxc7 Qxc7
26. g3 h5 27. Nxf6 gxf6 28. Qxa6 Nd2 29. Qxb5 Qc1+ 30. Kg2 Qd1 31. Qd7+ Kg6
32. Qe8+ Kg7 33. Qe7+ Kg6 34. Qe8+ Kg7 35. Qd7+ Kg6 36. Qe8+ Kg7 37. Qe7+
Kg6 38. Qe8+ Kg7 39. Qd7+ Kh6 40. Qb5 Qf3+ 41. Kg1 Qd1+ 42. Kg2 Qf3+ 43.
Kg1 Qd1+ 44. Kg2 { Game drawn by repetition } 1/2-1/2

[Event "ICC tourney 2161 (75 10)"]
[Site "Internet Chess Club"]
[Date "2020.11.29"]
[Round "8"]
[White "atjn494"]
[Black "Supersky"]
[Result "1-0"]
[ICCResult "Black resigns"]
[WhiteElo "1568"]
[BlackElo "1312"]
[Opening "Queen's pawn, Mason variation, Steinitz counter-gambit"]
[ECO "D00"]
[NIC "QP.08"]
[Time "14:48:47"]
[PlyCount "83"]
[TimeControl "4500+10"]


1. d4 d5 2. Bf4 c5 3. e3 Nc6 4. c3 Nf6 5. Nf3 e6 6. Nbd2 Bd6 7. Bg3 O-O 8.
Bd3 b6 9. O-O Bb7 10. Re1 Bxg3 11. hxg3 h6 12. e4 dxe4 13. Nxe4 cxd4 14.
Nxf6+ Qxf6 15. cxd4 Nxd4 16. Nxd4 Rad8 17. Nf3 Qxb2 18. Qc2 Qxc2 19. Bxc2
Rc8 20. Rac1 g6 21. Red1 Rc7 22. Ne5 Rfc8 23. Rd7 Rxd7 24. Nxd7 Be4 25.
Nf6+ Kg7 26. Nxe4 a5 27. Kf1 Rc4 28. Nd6 Rc6 29. Nxf7 Rc3 30. Ne5 g5 31.
Nd7 b5 32. Ke2 Ra3 33. Bb3 Kf7 34. Ne5+ Kf6 35. Ng4+ Kg6 36. Ne3 a4 37. Nc2
axb3 38. Nxa3 b4 39. axb3 bxa3 40. b4 Kf6 41. b5 a2 42. b6 { Black resigns
} 1-0

[Event "ICC tourney 2161 (75 10)"]
[Site "Internet Chess Club"]
[Date "2020.11.29"]
[Round "8"]
[White "kchinta346"]
[Black "ChunkyApple"]
[Result "1-0"]
[ICCResult "Black checkmated"]
[WhiteElo "1695"]
[BlackElo "1286"]
[Opening "Réti opening"]
[ECO "A05"]
[NIC "QP.11"]
[Time "14:49:11"]
[PlyCount "59"]
[TimeControl "4500+10"]


1. Nf3 Nf6 2. d3 e6 3. g3 d5 4. Bg2 Nc6 5. O-O b6 6. Nc3 Bb7 7. Nd2 Bc5 8.
e4 dxe4 9. Ndxe4 Nxe4 10. Nxe4 Bd4 11. c3 Bf6 12. Nxf6+ Qxf6 13. Qa4 e5 14.
f4 O-O 15. fxe5 Qe6 16. d4 Na5 17. Bxb7 Nxb7 18. Qc2 Qd5 19. Rf5 c5 20. Be3
Rac8 21. Qe2 cxd4 22. Bxd4 Rfe8 23. Raf1 Qxa2 24. Rxf7 Qxf7 25. Rxf7 Kxf7
26. Qf3+ Kg8 27. Qxb7 Rcd8 28. e6 Rxd4 29. Qf7+ Kh8 30. Qxe8# { Black
checkmated } 1-0

[Event "ICC tourney 2161 (75 10)"]
[Site "Internet Chess Club"]
[Date "2020.11.29"]
[Round "8"]
[White "TheSuperKing"]
[Black "iamvoltu"]
[Result "1/2-1/2"]
[ICCResult "Game drawn by repetition"]
[WhiteElo "1731"]
[BlackElo "1600"]
[Opening "Sicilian: O'Kelly variation"]
[ECO "B28"]
[NIC "SI.43"]
[Time "14:48:52"]
[PlyCount "110"]
[TimeControl "4500+10"]


1. e4 c5 2. Nf3 a6 3. d4 cxd4 4. Nxd4 Nf6 5. Nc3 e5 6. Nf3 Bb4 7. Bg5 d6 8.
Bd3 Bxc3+ 9. bxc3 h6 10. Be3 O-O 11. O-O Nbd7 12. h3 b5 13. c4 bxc4 14.
Bxc4 Qc7 15. Bd3 Bb7 16. Nd2 d5 17. exd5 Nxd5 18. Re1 Nxe3 19. Rxe3 Nc5 20.
Nc4 Nxd3 21. cxd3 f6 22. Rc1 Rac8 23. Qg4 Bd5 24. Rg3 Qf7 25. Kh2 Bxc4 26.
dxc4 f5 27. Qg6 f4 28. Rg4 Qxg6 29. Rxg6 Rfd8 30. Rxa6 Rd2 31. Kg1 Rb8 32.
a4 Rbb2 33. Rf1 Rdc2 34. Ra8+ Kf7 35. a5 e4 36. a6 e3 37. a7 Ra2 38. Rc8
exf2+ 39. Rxf2 Rxf2 40. a8=Q Rxa8 41. Rc7+ Kf6 42. Kxf2 g5 43. Kf3 Ra3+ 44.
Kf2 Ra6 45. c5 Ke5 46. Kf3 Ra3+ 47. Kf2 Ra6 48. Kf3 Ra3+ 49. Kf2 Ra6 50.
Kf3 Ra3+ 51. Kf2 Ra6 52. Kf3 Ra3+ 53. Ke2 Ra6 54. Kf3 Ra3+ 55. Kf2 Ra6 {
Game drawn by repetition } 1/2-1/2

[Event "ICC tourney 2161 (75 10)"]
[Site "Internet Chess Club"]
[Date "2020.11.29"]
[Round "8"]
[White "JonesGill"]
[Black "jason54312"]
[Result "1/2-1/2"]
[ICCResult "Game drawn by mutual agreement"]
[WhiteElo "1228"]
[BlackElo "1551"]
[Opening "Scotch gambit"]
[ECO "C44"]
[NIC "SO.06"]
[Time "14:48:47"]
[PlyCount "65"]
[TimeControl "4500+10"]


1. e4 e5 2. Nf3 Nc6 3. d4 exd4 4. Bc4 d6 5. Nxd4 Nf6 6. Nc3 Be7 7. O-O O-O
8. h3 Nxd4 9. Qxd4 Be6 10. Bd5 c6 11. Bxe6 fxe6 12. e5 Nd5 13. exd6 Qxd6
14. Ne4 Qd8 15. Be3 Nf6 16. Qxd8 Rfxd8 17. Ng5 e5 18. Nf3 Bd6 19. Rad1 Nd5
20. Bg5 Rd7 21. c4 Nb6 22. b3 Re8 23. Kh1 Be7 24. Bxe7 Rdxe7 25. Rfe1 e4
26. Nd4 g6 27. Nc2 Nd7 28. b4 Nf6 29. Ne3 Nh5 30. g3 Ng7 31. Rd2 Ne6 32. h4
Kg7 33. Red1 { Game drawn by mutual agreement } 1/2-1/2

[Event "ICC tourney 2161 (75 10)"]
[Site "Internet Chess Club"]
[Date "2020.11.29"]
[Round "8"]
[White "CheddarCheng1"]
[Black "ChessMindTT"]
[Result "0-1"]
[ICCResult "White checkmated"]
[WhiteElo "1463"]
[BlackElo "1417"]
[Opening "Giuoco Piano"]
[ECO "C54"]
[NIC "IG.02"]
[Time "14:48:44"]
[PlyCount "106"]
[TimeControl "4500+10"]


1. e4 e5 2. Nf3 Nc6 3. Bc4 Bc5 4. c3 Nf6 5. d3 d6 6. b4 Bb6 7. a4 a6 8. O-O
h6 9. Be3 Bxe3 10. fxe3 O-O 11. Nbd2 Be6 12. Bb3 Qd7 13. d4 Bxb3 14. Qxb3
Rfe8 15. d5 Ne7 16. h3 c6 17. c4 Rac8 18. Nh4 Rc7 19. Nf5 Nxf5 20. Rxf5
cxd5 21. exd5 Qxf5 22. Rf1 Qg6 23. b5 Ne4 24. Nxe4 Qxe4 25. bxa6 bxa6 26.
Qb6 Rxc4 27. Qxa6 Qxe3+ 28. Kh1 Rc1 29. Qb5 Rxf1+ 30. Qxf1 Rc8 31. Qf5 Rc1+
32. Kh2 Qf4+ 33. Qxf4 exf4 34. h4 Rc5 35. Kh3 Rxd5 36. Kg4 Re5 37. Kxf4 Re8
38. a5 d5 39. a6 d4 40. a7 d3 41. a8=Q Rxa8 42. Ke3 Rd8 43. Kd2 g5 44. hxg5
hxg5 45. g4 f5 46. gxf5 g4 47. f6 g3 48. f7+ Kxf7 49. Ke1 d2+ 50. Kf1 d1=Q+
51. Kg2 Qg4 52. Kh1 Qh3+ 53. Kg1 Rd1# { White checkmated } 0-1

[Event "ICC tourney 2161 (75 10)"]
[Site "Internet Chess Club"]
[Date "2020.11.29"]
[Round "8"]
[White "Niteshc"]
[Black "UltimateDL"]
[Result "1/2-1/2"]
[ICCResult "Game drawn by mutual agreement"]
[WhiteElo "1630"]
[BlackElo "1480"]
[Opening "Sicilian: Smith-Morra gambit"]
[ECO "B21"]
[NIC "SI.48"]
[Time "14:49:04"]
[PlyCount "63"]
[TimeControl "4500+10"]


1. e4 c5 2. d4 cxd4 3. c3 d5 4. exd5 Qxd5 5. cxd4 Nc6 6. Be3 e5 7. Nc3 Bb4
8. Nf3 exd4 9. Nxd4 Nf6 10. a3 Bxc3+ 11. bxc3 O-O 12. Nb5 Bg4 13. Qxd5 Nxd5
14. Bc5 Rfe8+ 15. Kd2 a6 16. Nd6 Red8 17. Nxb7 Rd7 18. Nd6 Rad8 19. Bxa6
Nf6 20. Kc2 Rxd6 21. Bxd6 Rxd6 22. Bb7 Bf5+ 23. Kc1 Na5 24. Rd1 Nxb7 25.
Rxd6 Nxd6 26. a4 Nd5 27. a5 Nc8 28. Kb2 Kf8 29. a6 Na7 30. c4 Nc7 31. Kc3
Bc8 32. Kb4 { Game drawn by mutual agreement } 1/2-1/2